Ice Dragons vs Remparts

Created - March 9, 2018 at 19:15

Goals
1 2 3 T
Ice Dragons 1 0 2 3
Remparts 0 1 3 4
Shots
1 2 3 T
Ice Dragons 8 1 11 20
Remparts 10 9 16 35

1st period

1. Ice Dragons , Petr Vrana 29 (Tyler Haskins 29) at 15:44

Penalties :
Ryan Strome (Que) for High sticking (Minor) at 5:31

2nd period

2. Remparts , Guillaume Desbiens 38 (Dainius Zubrus 17, Alex Galchenyuk 43) at 16:44 (PP)

Penalties :
Michael Latta (Kin) for High sticking (Minor) at 0:11, Daniel Paille (Que) for Hooking (Minor) at 8:06, Michael Latta (Kin) for Holding (Minor) at 16:32

3rd period

3. Ice Dragons , Brendon Nash 9 (Petr Vrana 19) at 7:21
4. Remparts , Dale Weise 3 (Johannes Salmonsson 14, Daniel Paille 23) at 11:59
5. Ice Dragons , Curtis Glencross 31 (Kevin Connauton 18) at 13:18
6. Remparts , Ryan Strome 13 (Dainius Zubrus 18, Alex Galchenyuk 44) at 14:11
7. Remparts , Kris Russell 2 (Alex Galchenyuk 45, Guillaume Desbiens 44) at 14:43 (PP)

Penalties :
Sam Carrick (Kin) for Hooking (Minor) at 5:16, Justin Faulk (Kin) for Hooking (Minor) at 8:49, Michael Latta (Kin) for Roughing (Minor) at 14:28, Tyler Haskins (Kin) for Tripping (Minor) at 17:24

Goalie Stats

Anders Nilsson (Kin), 31 saves from 35 shots - (0.886), L, 25-24-3, 60:00 minutes
Tyler Plante (Que), 17 saves from 20 shots - (0.850), W, 16-16-3, 60:00 minutes

Players Stats for Ice Dragons

Player Name              G  A  P  +/- PIM S  H  SB GA TA FO     MP     PP MP  PK MP  
------------------------------------------------------------------------------------
Adam Larsson             0  0  0   1  0   0  0  1  0  1  0/0    14:42   0:00   3:51 
Brandon Kozun            0  0  0   0  0   1  2  1  1  0  0/0    13:37   0:05   0:00 
Brendon Nash             1  0  1   2  0   4  3  1  1  3  0/0    23:49   1:23   4:00 
Chris Wagner             0  0  0   0  0   0  0  0  0  0  0/0     1:33   0:05   0:00 
Curtis Glencross         1  0  1   1  0   4  2  0  1  0  2/8    25:20   1:54   4:42 
Joe Callahan             0  0  0  -1  0   0  2  2  0  2  0/0    25:47   2:35   4:32 
Justin Faulk             0  0  0  -1  2   1  1  2  0  0  0/0    25:10   2:35   3:27 
Kevin Connauton          0  1  1   1  0   1  0  1  1  0  0/0    16:10   1:23   0:00 
Logan MacMillan          0  0  0   0  0   3  1  0  0  0  0/0    12:46   0:00   0:00 
Michael Chaput           0  0  0   0  0   1  1  0  0  0  6/7    13:12   0:00   0:21 
Michael Ferland          0  0  0   1  0   0  0  0  0  0  0/2     6:30   0:00   2:31 
Michael Latta            0  0  0   1  6   0  0  0  1  1  10/23  20:46   1:54   2:09 
Petr Vrana               1  1  2   0  0   1  0  0  0  0  0/0    15:46   1:59   0:29 
Ryan Reaves              0  0  0  -1  0   0  3  0  0  0  0/1    15:06   1:59   0:00 
Sam Carrick              0  0  0   1  2   0  0  0  0  0  0/0     3:47   0:05   0:00 
Samuel Groulx            0  0  0   0  0   0  0  0  0  0  0/0    14:21   0:00   0:56 
Troy Brouwer             0  0  0   1  0   3  0  0  0  0  1/2    23:36   1:54   4:46 
Tyler Haskins            0  1  1  -1  2   1  2  0  0  0  6/11   19:33   1:59   1:48 

Players Stats for Remparts

Player Name              G  A  P  +/- PIM S  H  SB GA TA FO     MP     PP MP  PK MP  
------------------------------------------------------------------------------------
Alex Galchenyuk          0  3  3   0  0   7  3  0  2  0  0/1    21:44   4:52   1:12 
Cédric Lalonde-McNicoll  0  0  0   0  0   4  2  0  0  1  4/13   11:48   0:00   0:01 
Chris Mueller            0  0  0   1  0   1  2  0  0  0  0/0     9:08   0:00   0:39 
Cody Ceci                0  0  0  -1  0   2  2  2  0  1  0/0    26:48   2:45   2:15 
Dainius Zubrus           0  2  2   0  0   2  3  0  0  0  16/27  20:52   4:52   0:46 
Dale Weise               1  0  1   1  0   1  2  0  0  0  0/0     7:56   0:00   0:00 
Daniel Paille            0  1  1  -2  2   5  3  0  0  0  0/0    16:58   3:31   0:56 
Erik Gustafsson          0  0  0   0  0   0  0  1  0  0  0/0    12:52   0:00   1:43 
Guillaume Desbiens       1  1  2  -3  0   3  0  0  0  1  1/2    17:45   4:52   1:14 
Johannes Salmonsson      0  1  1   1  0   1  0  0  0  0  0/0     8:26   0:00   0:30 
Justin Williams          0  0  0   0  0   1  2  0  1  0  0/0    14:55   3:31   0:00 
Kris Russell             1  0  1   0  0   2  1  0  1  1  0/0    26:30   4:57   1:43 
Max Reinhart             0  0  0  -2  0   0  0  0  0  0  7/10   17:35   3:31   1:59 
Michal Jordan            0  0  0   0  0   0  0  1  0  0  0/0    11:46   0:41   0:00 
Mike Weber               0  0  0   0  0   1  1  0  1  0  0/0    23:01   5:38   2:15 
Pasi Salonen             0  0  0   0  0   3  3  0  0  0  0/0    12:35   0:00   0:39 
Ryan Strome              1  0  1   1  2   2  3  0  1  1  1/1    16:18   0:00   0:00 
William Colbert          0  0  0  -1  0   0  0  2  1  0  0/0    19:03   2:45   0:00 

3 Stars

1 - Alex Galchenyuk (Que)
2 - Brendon Nash (Kin)
3 - Dale Weise (Que)

Power Play

Ice Dragons - 0 on 2 Attempt(s) - 0.00%
Remparts - 2 on 6 Attempt(s) - 33.33%

Penalty Kill

Ice Dragons - 4 on 6 Attempt(s) - 66.67% - Score 0 goal in Penalty Kill
Remparts - 2 on 2 Attempt(s) - 100.00% - Score 0 goal in Penalty Kill

Team Stat

Ice Dragons - Hits : 17 - Faceoff Wins : 25 - Blocked Shots : 8 - Penalty Minutes : 12
Remparts - Hits : 27 - Faceoff Wins : 29 - Blocked Shots : 6 - Penalty Minutes : 4

Official

Referees : Walkom Stephen and Marouelli Dan
Linesman : Shane Heyer and Steve Miller

Game Notes

No Game Note

Finance

Level 1 -- Attendance: 1576 (78.80%) -- Ticket Income $47,280
Level 2 -- Attendance: 800 (80.00%) -- Ticket Income $16,000
Total Attendance: 2376 (79.20%)
Total Ticket Income: $63,280
Other Income: $3,164
Total Income: $66,444

Ice Dragons

5 vs 5 Forward 
   Center                   Left Wing                Right Wing               Time % Phy DF OF 
 1 Michael Latta            Curtis Glencross         Troy Brouwer             40     2   1  2  
 2 Tyler Haskins            Petr Vrana               Ryan Reaves              30     2   1  2  
 3 Michael Chaput           Logan MacMillan          Brandon Kozun            20     2   1  2  
 4 Tyler Haskins            Michael Ferland          Curtis Glencross         10     2   2  1  

5 vs 5 Defense 
   Defense                  Defense                                           Time % Phy DF OF 
 1 Justin Faulk             Joe Callahan                                      40     2   1  2  
 2 Brendon Nash             Kevin Connauton                                   30     2   1  2  
 3 Samuel Groulx            Adam Larsson                                      20     2   1  2  
 4 Samuel Groulx            Brendon Nash                                      10     2   1  2  

PowerPlay Forward 
   Center                   Left Wing                Right Wing               Time % Phy DF OF 
 1 Michael Latta            Curtis Glencross         Troy Brouwer             60     2   0  3  
 2 Tyler Haskins            Petr Vrana               Ryan Reaves              40     2   0  3  

PowerPlay Defense
   Defense                  Defense                                           Time % Phy DF OF 
 1 Justin Faulk             Joe Callahan                                      60     2   1  2  
 2 Brendon Nash             Kevin Connauton                                   40     2   1  2  

Penalty Kill 4 Players Forward 
   Center                   Wing                     Time % Phy DF OF 
 1 Curtis Glencross         Troy Brouwer             60     2   3  0  
 2 Michael Latta            Tyler Haskins            40     2   3  0  

Penalty Kill 4 Players Defense
   Defense                  Defense                  Time % Phy DF OF 
 1 Justin Faulk             Joe Callahan             60     2   3  0  
 2 Brendon Nash             Adam Larsson             40     2   3  0  

Penalty Kill - 3 Players Forward 
   Forward                                           Time % Phy DF OF 
 1 Troy Brouwer                                      60     1   4  0  
 2 Troy Brouwer                                      40     1   4  0  

Penalty Kill - 3 Players Defense
   Defense                  Defense                  Time % Phy DF OF 
 1 Justin Faulk             Joe Callahan             60     1   4  0  
 2 Samuel Groulx            Adam Larsson             40     1   4  0  

4 vs 4 Forward 
   Center                   Wing                     Time % Phy DF OF 
 1 Curtis Glencross         Troy Brouwer             60     2   0  2  
 2 Michael Latta            Tyler Haskins            40     2   1  2  

4 vs 4 Defense
   Defense                  Defense                  Time % Phy DF OF 
 1 Justin Faulk             Joe Callahan             60     2   1  2  
 2 Brendon Nash             Kevin Connauton          40     2   1  2  

Last Minutes Offensive
   Center                   Left Wing                Right Wing               Defense                  Defense                  
   Michael Latta            Curtis Glencross         Troy Brouwer             Justin Faulk             Joe Callahan             

Last Minutes Defensive
   Center                   Left Wing                Right Wing               Defense                  Defense                  
   Michael Latta            Curtis Glencross         Troy Brouwer             Justin Faulk             Joe Callahan             

Goaltenders
Starting : Anders Nilsson           
Backup : Harru Sateri             

Extra Forwards
Normal : Sam Carrick, Logan MacMillan, Chris Wagner - PP : Sam Carrick, Brandon Kozun - PK : Michael Ferland
Extra Defensemen
Normal : Justin Faulk, Adam Larsson, Brendon Nash - PP : Brendon Nash - PK : Brendon Nash, Samuel Groulx
Penalty Shots
Curtis Glencross, Troy Brouwer, Michael Latta, Tyler Haskins, Petr Vrana

Scratches
Theodor Blueger (Healthy), Justin Shugg (Healthy), Tomas Kudelka (Broken Right Foot Toe Injury), Christian Djoos (Healthy), Michael Stone (Healthy)
Oscar Dansk (Healthy)

Remparts

5 vs 5 Forward 
   Center                   Left Wing                Right Wing               Time % Phy DF OF 
 1 Dainius Zubrus           Alex Galchenyuk          Ryan Strome              40     0   2  3  
 2 Max Reinhart             Daniel Paille            Guillaume Desbiens       30     0   2  3  
 3 Cédric Lalonde-McNicoll  Pasi Salonen             Justin Williams          20     1   3  1  
 4 Chris Mueller            Johannes Salmonsson      Dale Weise               10     1   2  2  

5 vs 5 Defense 
   Defense                  Defense                                           Time % Phy DF OF 
 1 Kris Russell             Cody Ceci                                         40     0   2  3  
 2 Mike Weber               William Colbert                                   30     0   2  3  
 3 Michal Jordan            Erik Gustafsson                                   20     1   3  1  
 4 Kris Russell             Cody Ceci                                         10     0   2  3  

PowerPlay Forward 
   Center                   Left Wing                Right Wing               Time % Phy DF OF 
 1 Dainius Zubrus           Alex Galchenyuk          Guillaume Desbiens       60     1   0  4  
 2 Max Reinhart             Daniel Paille            Justin Williams          40     1   0  4  

PowerPlay Defense
   Defense                  Defense                                           Time % Phy DF OF 
 1 Kris Russell             Mike Weber                                        60     0   2  3  
 2 William Colbert          Cody Ceci                                         40     0   2  3  

Penalty Kill 4 Players Forward 
   Center                   Wing                     Time % Phy DF OF 
 1 Max Reinhart             Daniel Paille            60     0   4  1  
 2 Chris Mueller            Pasi Salonen             40     0   4  1  

Penalty Kill 4 Players Defense
   Defense                  Defense                  Time % Phy DF OF 
 1 Cody Ceci                Mike Weber               60     1   4  0  
 2 Erik Gustafsson          Kris Russell             40     1   4  0  

Penalty Kill - 3 Players Forward 
   Forward                                           Time % Phy DF OF 
 1 Max Reinhart                                      60     0   4  1  
 2 Chris Mueller                                     40     0   4  1  

Penalty Kill - 3 Players Defense
   Defense                  Defense                  Time % Phy DF OF 
 1 Cody Ceci                Mike Weber               60     1   4  0  
 2 Erik Gustafsson          Kris Russell             40     1   4  0  

4 vs 4 Forward 
   Center                   Wing                     Time % Phy DF OF 
 1 Dainius Zubrus           Alex Galchenyuk          60     0   2  3  
 2 Max Reinhart             Guillaume Desbiens       40     0   2  3  

4 vs 4 Defense
   Defense                  Defense                  Time % Phy DF OF 
 1 Kris Russell             William Colbert          60     0   3  2  
 2 Mike Weber               Cody Ceci                40     1   2  2  

Last Minutes Offensive
   Center                   Left Wing                Right Wing               Defense                  Defense                  
   Dainius Zubrus           Alex Galchenyuk          Ryan Strome              Kris Russell             Mike Weber               

Last Minutes Defensive
   Center                   Left Wing                Right Wing               Defense                  Defense                  
   Max Reinhart             Daniel Paille            Guillaume Desbiens       Cody Ceci                Mike Weber               

Goaltenders
Starting : Tyler Plante             
Backup : Igor Bobkov              

Extra Forwards
Normal : Max Reinhart, Alex Galchenyuk, Ryan Strome - PP : Daniel Paille, Pasi Salonen - PK : Guillaume Desbiens
Extra Defensemen
Normal : William Colbert, Cody Ceci, Mike Weber - PP : Cody Ceci - PK : Erik Gustafsson, Cody Ceci
Penalty Shots
Alex Galchenyuk, Pasi Salonen, Daniel Paille, Justin Williams, Ryan Strome

Scratches
Griffin Reinhart (Healthy), Michael Paliotta (Healthy), Anton Zlobin (Healthy), Mitchell Heard (Healthy), Brandon Mashinter (Healthy)
Patrick Maroon (Healthy), Tim Bozon (Healthy), François Brassard (Healthy)

% Time on Ice - Ice Dragons

Lines # - Real PCT - Wanted PCT - Time Play
Normal Forward
1 - 37% - 40% - 17:17
2 - 28% - 30% - 13:07
3 - 27% - 20% - 12:46
4 - 8% - 10% - 3:53
Normal Defense
1 - 40% - 40% - 18:45
2 - 32% - 30% - 14:58
3 - 21% - 20% - 9:59
4 - 7% - 10% - 3:21
PP Forward
1 - 50% - 60% - 1:59
2 - 50% - 40% - 1:59
PP Defense
1 - 65% - 60% - 2:35
2 - 35% - 40% - 1:23
PK Forward
1 - 70% - 60% - 5:50
2 - 30% - 40% - 2:33
PK Defense
1 - 54% - 60% - 4:32
2 - 46% - 40% - 3:51
PK3 Forward
1 - 0% - 60%
2 - 0% - 40%
PK3 Defense
1 - 0% - 60%
2 - 0% - 40%
44 Forward
1 - 0% - 60%
2 - 0% - 40%
44 Defense
1 - 0% - 60%
2 - 0% - 40%
Last Minute Offensive  - 0:36
Last Minute Defensive  - 0:00
Total
Forward - 60:00
Defense - 60:00

% Time on Ice - Remparts

Lines # - Real PCT - Wanted PCT - Time Play
Normal Forward
1 - 33% - 40% - 15:26
2 - 26% - 30% - 12:22
3 - 24% - 20% - 11:22
4 - 17% - 10% - 7:56
Normal Defense
1 - 39% - 40% - 18:29
2 - 35% - 30% - 16:15
3 - 23% - 20% - 10:37
4 - 4% - 10% - 1:45
PP Forward
1 - 58% - 60% - 4:52
2 - 42% - 40% - 3:31
PP Defense
1 - 67% - 60% - 5:38
2 - 33% - 40% - 2:45
PK Forward
1 - 84% - 60% - 3:19
2 - 16% - 40% - 0:39
PK Defense
1 - 57% - 60% - 2:15
2 - 43% - 40% - 1:43
PK3 Forward
1 - 0% - 60%
2 - 0% - 40%
PK3 Defense
1 - 0% - 60%
2 - 0% - 40%
44 Forward
1 - 0% - 60%
2 - 0% - 40%
44 Defense
1 - 0% - 60%
2 - 0% - 40%
Last Minute Offensive  - 0:00
Last Minute Defensive  - 0:33
Total
Forward - 60:00
Defense - 60:00

Play by Play

1st period


0:01 of 1st period - Dainius Zubrus wins face-off versus Michael Latta in neutral zone.
0:37 of 1st period - Snap shot by Daniel Paille.
0:37 of 1st period - Stopped by Anders Nilsson without a rebound.
0:38 of 1st period - Michael Chaput wins face-off versus Cédric Lalonde-McNicoll in Ice Dragons zone.
1:30 of 1st period - Icing by Samuel Groulx.
1:31 of 1st period - Michael Latta wins face-off versus Dainius Zubrus in Ice Dragons zone.
1:31 of 1st period - Michael Latta is hit by Dainius Zubrus.
1:39 of 1st period - Wrist shot by Curtis Glencross.
1:39 of 1st period - Shot Misses the Net.
1:46 of 1st period - Icing by Michal Jordan.
1:47 of 1st period - Dainius Zubrus wins face-off versus Tyler Haskins in Remparts zone.
1:54 of 1st period - Wrist shot by Petr Vrana.
1:54 of 1st period - Shot Blocked by Erik Gustafsson.
1:56 of 1st period - Wrist shot by Tyler Haskins.
1:56 of 1st period - Shot Misses the Net.
1:58 of 1st period - Snap shot by Brendon Nash.
1:58 of 1st period - Shot Blocked by Michal Jordan.
2:00 of 1st period - Slapshot by Kevin Connauton.
2:00 of 1st period - Stopped by Tyler Plante with a rebound.
2:16 of 1st period - Snap shot by Guillaume Desbiens.
2:16 of 1st period - Stopped by Anders Nilsson without a rebound.
2:17 of 1st period - Max Reinhart wins face-off versus Michael Latta in Ice Dragons zone.
2:42 of 1st period - Justin Faulk is hit by Justin Williams and loses puck.
2:49 of 1st period - Wrist shot by Tyler Haskins.
2:49 of 1st period - Stopped by Tyler Plante without a rebound.
2:50 of 1st period - Michael Chaput wins face-off versus Cédric Lalonde-McNicoll in Remparts zone.
3:24 of 1st period - Wrist shot by Daniel Paille.
3:24 of 1st period - Shot Misses the Net.
3:26 of 1st period - Slapshot by William Colbert.
3:26 of 1st period - Shot Hit the Post.
3:38 of 1st period - Ryan Strome is hit by Joe Callahan and loses puck.
5:15 of 1st period - Snap shot by Alex Galchenyuk.
5:15 of 1st period - Stopped by Anders Nilsson without a rebound.
5:16 of 1st period - Michael Chaput wins face-off versus Dainius Zubrus in Ice Dragons zone.
5:16 of 1st period - Michael Chaput is hit by Dainius Zubrus.
5:31 of 1st period - Minor Penalty to Ryan Strome for High sticking.
5:32 of 1st period - Max Reinhart wins face-off versus Michael Latta in Remparts zone.
6:54 of 1st period - Justin Faulk is hit by Chris Mueller and loses puck.
7:31 of 1st period - Penalty to Ryan Strome is over, Ryan Strome is back on ice.
7:31 of 1st period - Pasi Salonen is hit by Brandon Kozun and loses puck.
8:05 of 1st period - Slapshot by Brendon Nash.
8:05 of 1st period - Shot Blocked by Cody Ceci.
8:31 of 1st period - Snap shot by Chris Mueller.
8:31 of 1st period - Stopped by Anders Nilsson without a rebound.
8:32 of 1st period - Tyler Haskins wins face-off versus Guillaume Desbiens in Ice Dragons zone.
8:47 of 1st period - Snap shot by Guillaume Desbiens.
8:47 of 1st period - Shot Misses the Net.
11:44 of 1st period - Slapshot by Justin Williams.
11:44 of 1st period - Stopped by Anders Nilsson without a rebound.
11:45 of 1st period - Tyler Haskins wins face-off versus Cédric Lalonde-McNicoll in Ice Dragons zone.
11:45 of 1st period - Tyler Haskins is hit by Cédric Lalonde-McNicoll.
11:54 of 1st period - Icing by Erik Gustafsson.
11:55 of 1st period - Michael Chaput wins face-off versus Cédric Lalonde-McNicoll in Remparts zone.
11:58 of 1st period - Snap shot by Brandon Kozun.
11:58 of 1st period - Stopped by Tyler Plante with a rebound.
12:22 of 1st period - Snap shot by Pasi Salonen.
12:22 of 1st period - Shot Blocked by Justin Faulk.
12:24 of 1st period - Snap shot by Cédric Lalonde-McNicoll.
12:24 of 1st period - Stopped by Anders Nilsson without a rebound.
12:25 of 1st period - Curtis Glencross wins face-off versus Dainius Zubrus in Ice Dragons zone.
12:25 of 1st period - Curtis Glencross is hit by Ryan Strome.
12:37 of 1st period - Wrist shot by Dainius Zubrus.
12:37 of 1st period - Stopped by Anders Nilsson with a rebound.
12:39 of 1st period - Wrist shot by Alex Galchenyuk.
12:39 of 1st period - Shot Misses the Net.
12:41 of 1st period - Slapshot by Kris Russell.
12:41 of 1st period - Shot Misses the Net.
12:58 of 1st period - Snap shot by Guillaume Desbiens.
12:58 of 1st period - Stopped by Anders Nilsson with a rebound.
13:00 of 1st period - Slapshot by Mike Weber.
13:00 of 1st period - Shot Misses the Net.
13:21 of 1st period - Snap shot by Logan MacMillan.
13:21 of 1st period - Stopped by Tyler Plante with a rebound.
13:23 of 1st period - Slapshot by Justin Faulk.
13:23 of 1st period - Stopped by Tyler Plante with a rebound.
14:01 of 1st period - Max Reinhart is hit by Ryan Reaves and loses puck.
14:10 of 1st period - Snap shot by Daniel Paille.
14:10 of 1st period - Shot Blocked by Kevin Connauton.
14:52 of 1st period - Troy Brouwer is hit by Dainius Zubrus and loses puck.
15:18 of 1st period - Snap shot by Justin Williams.
15:18 of 1st period - Deflect By Cédric Lalonde-McNicoll.
15:18 of 1st period - Shot Blocked by Joe Callahan.
15:18 of 1st period - Puck is out of play.
15:19 of 1st period - Michael Latta wins face-off versus Dainius Zubrus in Ice Dragons zone.
15:44 of 1st period - Snap shot by Petr Vrana.
15:44 of 1st period - Goal by Petr Vrana - Ice Dragons : 1 - Remparts : 0.
15:45 of 1st period - Dainius Zubrus wins face-off versus Michael Latta in neutral zone.
15:48 of 1st period - Michael Latta is hit by Kris Russell and loses puck.
16:20 of 1st period - Ryan Reaves is hit by Daniel Paille and loses puck.
16:35 of 1st period - Cédric Lalonde-McNicoll is hit by Michael Chaput and loses puck.
16:42 of 1st period - Slapshot by Michael Chaput.
16:42 of 1st period - Shot Blocked by William Colbert.
16:52 of 1st period - Curtis Glencross is hit by Mike Weber and loses puck.
17:43 of 1st period - Snap shot by Curtis Glencross.
17:43 of 1st period - Stopped by Tyler Plante with a rebound.
17:45 of 1st period - Wrist shot by Curtis Glencross.
17:45 of 1st period - Stopped by Tyler Plante without a rebound.
17:46 of 1st period - Dainius Zubrus wins face-off versus Ryan Reaves in Remparts zone.
17:53 of 1st period - Slapshot by Alex Galchenyuk.
17:53 of 1st period - Stopped by Anders Nilsson without a rebound.
17:54 of 1st period - Tyler Haskins wins face-off versus Dainius Zubrus in Ice Dragons zone.
18:08 of 1st period - Off-side.
18:09 of 1st period - Michael Chaput wins face-off versus Dainius Zubrus in neutral zone.
18:12 of 1st period - Wrist shot by Brandon Kozun.
18:12 of 1st period - Shot Misses the Net.
18:34 of 1st period - Daniel Paille is hit by Ryan Reaves and loses puck.
18:39 of 1st period - Wrist shot by Petr Vrana.
18:39 of 1st period - Deflect By Daniel Paille.
18:39 of 1st period - Shot Misses the Net.
18:39 of 1st period - Puck is out of play.
18:40 of 1st period - Max Reinhart wins face-off versus Michael Latta in Remparts zone.
18:40 of 1st period - Max Reinhart is hit by Brendon Nash.
18:52 of 1st period - Snap shot by Daniel Paille.
18:52 of 1st period - Shot Misses the Net.
18:54 of 1st period - Snap shot by Daniel Paille.
18:54 of 1st period - Stopped by Anders Nilsson with a rebound.
Goals for this period are 1 for Ice Dragons vs 0 for Remparts.
Shots for this period are 8 for Ice Dragons vs 10 for Remparts.

2nd period


0:01 of 2nd period - Michael Latta wins face-off versus Dainius Zubrus in neutral zone.
0:11 of 2nd period - Minor Penalty to Michael Latta for High sticking.
0:12 of 2nd period - Dainius Zubrus wins face-off versus Curtis Glencross in Ice Dragons zone.
0:14 of 2nd period - Snap shot by Dainius Zubrus.
0:14 of 2nd period - Shot Blocked by Joe Callahan.
0:16 of 2nd period - Slapshot by Kris Russell.
0:16 of 2nd period - Stopped by Anders Nilsson with a rebound.
0:18 of 2nd period - Snap shot by Guillaume Desbiens.
0:18 of 2nd period - Deflect By Dainius Zubrus.
0:18 of 2nd period - Stopped by Anders Nilsson with a rebound.
0:55 of 2nd period - Icing by Justin Williams.
0:56 of 2nd period - Max Reinhart wins face-off versus Michael Ferland in Remparts zone.
2:11 of 2nd period - Penalty to Michael Latta is over, Michael Latta is back on ice.
4:35 of 2nd period - Icing by Kris Russell.
4:36 of 2nd period - Cédric Lalonde-McNicoll wins face-off versus Tyler Haskins in Remparts zone.
4:41 of 2nd period - Brendon Nash is hit by Alex Galchenyuk and loses puck.
5:27 of 2nd period - Chris Mueller is hit by Brandon Kozun and loses puck.
6:04 of 2nd period - Backhand shot by Dainius Zubrus.
6:04 of 2nd period - Shot Misses the Net.
6:48 of 2nd period - Snap shot by Troy Brouwer.
6:48 of 2nd period - Shot Blocked by William Colbert.
6:50 of 2nd period - Snap shot by Curtis Glencross.
6:50 of 2nd period - Stopped by Tyler Plante with a rebound.
7:47 of 2nd period - Troy Brouwer is hit by Dale Weise and loses puck.
8:06 of 2nd period - Minor Penalty to Daniel Paille for Hooking.
8:07 of 2nd period - Max Reinhart wins face-off versus Michael Latta in Remparts zone.
8:53 of 2nd period - Slapshot by Kris Russell.
8:53 of 2nd period - Shot Misses the Net.
9:51 of 2nd period - Johannes Salmonsson is hit by Joe Callahan and loses puck.
10:06 of 2nd period - Penalty to Daniel Paille is over, Daniel Paille is back on ice.
12:25 of 2nd period - Backhand shot by Daniel Paille.
12:25 of 2nd period - Stopped by Anders Nilsson with a rebound.
12:56 of 2nd period - Alex Galchenyuk is hit by Ryan Reaves and loses puck.
13:30 of 2nd period - Brandon Kozun is hit by Pasi Salonen and loses puck.
13:35 of 2nd period - Snap shot by Pasi Salonen.
13:35 of 2nd period - Stopped by Anders Nilsson without a rebound.
13:36 of 2nd period - Cédric Lalonde-McNicoll wins face-off versus Curtis Glencross in Ice Dragons zone.
13:43 of 2nd period - Snap shot by Justin Williams.
13:43 of 2nd period - Shot Misses the Net.
14:02 of 2nd period - Max Reinhart is hit by Justin Faulk.
14:18 of 2nd period - Logan MacMillan is hit by Ryan Strome and loses puck.
14:23 of 2nd period - Snap shot by Dainius Zubrus.
14:23 of 2nd period - Shot Misses the Net.
14:25 of 2nd period - Wrist shot by Ryan Strome.
14:25 of 2nd period - Shot Blocked by Brandon Kozun.
15:03 of 2nd period - Brendon Nash is hit by Pasi Salonen.
16:10 of 2nd period - Slapshot by Cédric Lalonde-McNicoll.
16:10 of 2nd period - Deflect By Pasi Salonen.
16:10 of 2nd period - Stopped by Anders Nilsson without a rebound.
16:11 of 2nd period - Michael Latta wins face-off versus Cédric Lalonde-McNicoll in Ice Dragons zone.
16:26 of 2nd period - Snap shot by Justin Williams.
16:26 of 2nd period - Shot Blocked by Justin Faulk.
16:32 of 2nd period - Minor Penalty to Michael Latta for Holding.
16:33 of 2nd period - Dainius Zubrus wins face-off versus Curtis Glencross in Ice Dragons zone.
16:42 of 2nd period - Wrist shot by Dainius Zubrus.
16:42 of 2nd period - Shot Misses the Net.
16:44 of 2nd period - Slapshot by Guillaume Desbiens.
16:44 of 2nd period - Goal by Guillaume Desbiens - Ice Dragons : 1 - Remparts : 1.
16:45 of 2nd period - Michael Latta wins face-off versus Dainius Zubrus in neutral zone.
16:45 of 2nd period - Justin Faulk is hit by Alex Galchenyuk and loses puck.
17:10 of 2nd period - Joe Callahan is hit by Cody Ceci and loses puck.
17:19 of 2nd period - Snap shot by Pasi Salonen.
17:19 of 2nd period - Deflect By Cédric Lalonde-McNicoll.
17:19 of 2nd period - Stopped by Anders Nilsson without a rebound.
17:20 of 2nd period - Dainius Zubrus wins face-off versus Tyler Haskins in Ice Dragons zone.
18:10 of 2nd period - Off-side.
18:11 of 2nd period - Cédric Lalonde-McNicoll wins face-off versus Michael Latta in neutral zone.
18:27 of 2nd period - Icing by Joe Callahan.
18:28 of 2nd period - Dainius Zubrus wins face-off versus Michael Latta in Ice Dragons zone.
18:31 of 2nd period - Slapshot by Alex Galchenyuk.
18:31 of 2nd period - Stopped by Anders Nilsson with a rebound.
18:37 of 2nd period - Curtis Glencross is hit by Alex Galchenyuk and loses puck.
19:15 of 2nd period - Icing by Kevin Connauton.
19:16 of 2nd period - Michael Chaput wins face-off versus Cédric Lalonde-McNicoll in Ice Dragons zone.
19:43 of 2nd period - Snap shot by Dainius Zubrus.
19:43 of 2nd period - Shot Misses the Net.
19:45 of 2nd period - Slapshot by William Colbert.
19:45 of 2nd period - Shot Misses the Net.
19:47 of 2nd period - Snap shot by Alex Galchenyuk.
19:47 of 2nd period - Stopped by Anders Nilsson without a rebound.
19:48 of 2nd period - Dainius Zubrus wins face-off versus Michael Latta in Ice Dragons zone.
19:55 of 2nd period - Slapshot by Alex Galchenyuk.
19:55 of 2nd period - Shot Misses the Net.
19:57 of 2nd period - Wrist shot by Alex Galchenyuk.
19:57 of 2nd period - Shot Misses the Net.
Goals for this period are 0 for Ice Dragons vs 1 for Remparts.
Shots for this period are 1 for Ice Dragons vs 9 for Remparts.

3rd period


0:01 of 3rd period - Dainius Zubrus wins face-off versus Michael Latta in neutral zone.
0:03 of 3rd period - Off-side.
0:04 of 3rd period - Michael Latta wins face-off versus Dainius Zubrus in neutral zone.
0:30 of 3rd period - Snap shot by Guillaume Desbiens.
0:30 of 3rd period - Shot Misses the Net.
0:32 of 3rd period - Snap shot by Daniel Paille.
0:32 of 3rd period - Stopped by Anders Nilsson without a rebound.
0:33 of 3rd period - Tyler Haskins wins face-off versus Max Reinhart in Ice Dragons zone.
0:38 of 3rd period - Slapshot by Samuel Groulx.
0:38 of 3rd period - Shot Misses the Net.
0:58 of 3rd period - Mike Weber is hit by Curtis Glencross and loses puck.
1:19 of 3rd period - Joe Callahan is hit by Pasi Salonen and loses puck.
1:26 of 3rd period - Snap shot by Pasi Salonen.
1:26 of 3rd period - Stopped by Anders Nilsson with a rebound.
1:36 of 3rd period - Justin Faulk is hit by Chris Mueller and loses puck.
2:43 of 3rd period - Snap shot by Michael Chaput.
2:43 of 3rd period - Shot Misses the Net.
2:59 of 3rd period - Michael Latta is hit by Dale Weise.
3:57 of 3rd period - Snap shot by Alex Galchenyuk.
3:57 of 3rd period - Shot Misses the Net.
4:05 of 3rd period - William Colbert is hit by Logan MacMillan and loses puck.
4:41 of 3rd period - Wrist shot by Johannes Salmonsson.
4:41 of 3rd period - Stopped by Anders Nilsson with a rebound.
5:03 of 3rd period - Slapshot by Cody Ceci.
5:03 of 3rd period - Stopped by Anders Nilsson with a rebound.
5:16 of 3rd period - Minor Penalty to Sam Carrick for Hooking.
5:17 of 3rd period - Dainius Zubrus wins face-off versus Curtis Glencross in Ice Dragons zone.
5:17 of 3rd period - Wrist shot by Guillaume Desbiens.
5:17 of 3rd period - Shot Blocked by Brendon Nash.
5:25 of 3rd period - Wrist shot by Dainius Zubrus.
5:25 of 3rd period - Shot Blocked by Adam Larsson.
5:29 of 3rd period - Snap shot by Guillaume Desbiens.
5:29 of 3rd period - Shot Misses the Net.
5:31 of 3rd period - Slapshot by Kris Russell.
5:31 of 3rd period - Shot Misses the Net.
5:33 of 3rd period - Slapshot by Mike Weber.
5:33 of 3rd period - Deflect By Curtis Glencross.
5:33 of 3rd period - Stopped by Anders Nilsson with a rebound.
6:23 of 3rd period - Curtis Glencross is hit by Daniel Paille.
6:32 of 3rd period - Joe Callahan is hit by Daniel Paille and loses puck.
6:43 of 3rd period - Cody Ceci is hit by Tyler Haskins and loses puck.
7:16 of 3rd period - Penalty to Sam Carrick is over, Sam Carrick is back on ice.
7:19 of 3rd period - Slapshot by Brendon Nash.
7:19 of 3rd period - Stopped by Tyler Plante with a rebound.
7:21 of 3rd period - Snap shot by Brendon Nash.
7:21 of 3rd period - Goal by Brendon Nash - Ice Dragons : 2 - Remparts : 1.
7:22 of 3rd period - Cédric Lalonde-McNicoll wins face-off versus Tyler Haskins in neutral zone.
7:25 of 3rd period - Wrist shot by Cody Ceci.
7:25 of 3rd period - Stopped by Anders Nilsson without a rebound.
7:26 of 3rd period - Tyler Haskins wins face-off versus Cédric Lalonde-McNicoll in Ice Dragons zone.
7:36 of 3rd period - Brendon Nash is hit by Justin Williams and loses puck.
7:53 of 3rd period - Troy Brouwer is hit by Cody Ceci and loses puck.
8:33 of 3rd period - Snap shot by Alex Galchenyuk.
8:33 of 3rd period - Shot Misses the Net.
8:35 of 3rd period - Snap shot by Ryan Strome.
8:35 of 3rd period - Stopped by Anders Nilsson with a rebound.
8:37 of 3rd period - Snap shot by Alex Galchenyuk.
8:37 of 3rd period - Stopped by Anders Nilsson with a rebound.
8:49 of 3rd period - Minor Penalty to Justin Faulk for Hooking.
8:50 of 3rd period - Dainius Zubrus wins face-off versus Troy Brouwer in Ice Dragons zone.
8:51 of 3rd period - Wrist shot by Alex Galchenyuk.
8:51 of 3rd period - Stopped by Anders Nilsson without a rebound.
8:52 of 3rd period - Dainius Zubrus wins face-off versus Curtis Glencross in Ice Dragons zone.
10:02 of 3rd period - Alex Galchenyuk is hit by Brendon Nash and loses puck.
10:49 of 3rd period - Penalty to Justin Faulk is over, Justin Faulk is back on ice.
11:34 of 3rd period - Off-side.
11:35 of 3rd period - Michael Latta wins face-off versus Cédric Lalonde-McNicoll in neutral zone.
11:57 of 3rd period - Wrist shot by Johannes Salmonsson.
11:57 of 3rd period - Shot Misses the Net.
11:59 of 3rd period - Wrist shot by Dale Weise.
11:59 of 3rd period - Goal by Dale Weise - Ice Dragons : 2 - Remparts : 2.
12:00 of 3rd period - Ryan Strome wins face-off versus Michael Latta in neutral zone.
12:32 of 3rd period - Wrist shot by Justin Faulk.
12:32 of 3rd period - Shot Misses the Net.
12:40 of 3rd period - Snap shot by Logan MacMillan.
12:40 of 3rd period - Stopped by Tyler Plante with a rebound.
13:00 of 3rd period - Slapshot by Alex Galchenyuk.
13:00 of 3rd period - Shot Misses the Net.
13:16 of 3rd period - Snap shot by Curtis Glencross.
13:16 of 3rd period - Shot Blocked by Cody Ceci.
13:18 of 3rd period - Snap shot by Curtis Glencross.
13:18 of 3rd period - Goal by Curtis Glencross - Ice Dragons : 3 - Remparts : 2.
13:19 of 3rd period - Michael Latta wins face-off versus Max Reinhart in neutral zone.
13:26 of 3rd period - Wrist shot by Troy Brouwer.
13:26 of 3rd period - Stopped by Tyler Plante without a rebound.
13:27 of 3rd period - Guillaume Desbiens wins face-off versus Michael Latta in Remparts zone.
13:46 of 3rd period - Mike Weber is hit by Curtis Glencross and loses puck.
13:55 of 3rd period - Snap shot by Troy Brouwer.
13:55 of 3rd period - Shot Misses the Net.
13:57 of 3rd period - Slapshot by Troy Brouwer.
13:57 of 3rd period - Stopped by Tyler Plante with a rebound.
13:59 of 3rd period - Wrist shot by Troy Brouwer.
13:59 of 3rd period - Stopped by Tyler Plante without a rebound.
14:00 of 3rd period - Dainius Zubrus wins face-off versus Tyler Haskins in Remparts zone.
14:09 of 3rd period - Wrist shot by Dainius Zubrus.
14:09 of 3rd period - Shot Misses the Net.
14:11 of 3rd period - Snap shot by Ryan Strome.
14:11 of 3rd period - Goal by Ryan Strome - Ice Dragons : 3 - Remparts : 3.
14:12 of 3rd period - Dainius Zubrus wins face-off versus Michael Latta in neutral zone.
14:15 of 3rd period - Wrist shot by Alex Galchenyuk.
14:15 of 3rd period - Shot Misses the Net.
14:28 of 3rd period - Minor Penalty to Michael Latta for Roughing.
14:29 of 3rd period - Dainius Zubrus wins face-off versus Curtis Glencross in Ice Dragons zone.
14:41 of 3rd period - Slapshot by Alex Galchenyuk.
14:41 of 3rd period - Stopped by Anders Nilsson with a rebound.
14:43 of 3rd period - Slapshot by Kris Russell.
14:43 of 3rd period - Goal by Kris Russell - Ice Dragons : 3 - Remparts : 4.
14:44 of 3rd period - Troy Brouwer wins face-off versus Alex Galchenyuk in neutral zone.
14:47 of 3rd period - Slapshot by Joe Callahan.
14:47 of 3rd period - Shot Misses the Net.
15:10 of 3rd period - Cody Ceci is hit by Tyler Haskins and loses puck.
15:35 of 3rd period - Slapshot by Brendon Nash.
15:35 of 3rd period - Deflect By Daniel Paille.
15:35 of 3rd period - Stopped by Tyler Plante without a rebound.
15:36 of 3rd period - Max Reinhart wins face-off versus Michael Chaput in Remparts zone.
15:39 of 3rd period - Snap shot by Logan MacMillan.
15:39 of 3rd period - Stopped by Tyler Plante with a rebound.
15:41 of 3rd period - Snap shot by Brandon Kozun.
15:41 of 3rd period - Shot Misses the Net.
15:43 of 3rd period - Snap shot by Brandon Kozun.
15:43 of 3rd period - Shot Misses the Net.
15:45 of 3rd period - Slapshot by Samuel Groulx.
15:45 of 3rd period - Shot Misses the Net.
16:33 of 3rd period - Joe Callahan is hit by Cédric Lalonde-McNicoll and loses puck.
16:46 of 3rd period - Snap shot by Daniel Paille.
16:46 of 3rd period - Stopped by Anders Nilsson with a rebound.
16:58 of 3rd period - Slapshot by Brandon Kozun.
16:58 of 3rd period - Shot Misses the Net.
17:00 of 3rd period - Snap shot by Michael Chaput.
17:00 of 3rd period - Shot Misses the Net.
17:02 of 3rd period - Wrist shot by Michael Chaput.
17:02 of 3rd period - Stopped by Tyler Plante with a rebound.
17:04 of 3rd period - Slapshot by Kevin Connauton.
17:04 of 3rd period - Deflect By Logan MacMillan.
17:04 of 3rd period - Shot Misses the Net.
17:04 of 3rd period - Puck is out of play.
17:05 of 3rd period - Michael Latta wins face-off versus Cédric Lalonde-McNicoll in Remparts zone.
17:18 of 3rd period - Snap shot by Cédric Lalonde-McNicoll.
17:18 of 3rd period - Stopped by Anders Nilsson with a rebound.
17:20 of 3rd period - Backhand shot by Cédric Lalonde-McNicoll.
17:20 of 3rd period - Stopped by Anders Nilsson without a rebound.
17:21 of 3rd period - Tyler Haskins wins face-off versus Dainius Zubrus in Ice Dragons zone.
17:21 of 3rd period - Tyler Haskins is hit by Ryan Strome.
17:24 of 3rd period - Minor Penalty to Tyler Haskins for Tripping.
17:25 of 3rd period - Curtis Glencross wins face-off versus Dainius Zubrus in Ice Dragons zone.
18:37 of 3rd period - Backhand shot by Brendon Nash.
18:37 of 3rd period - Stopped by Tyler Plante without a rebound.
18:38 of 3rd period - Max Reinhart wins face-off versus Michael Ferland in Remparts zone.
19:19 of 3rd period - Dainius Zubrus is hit by Brendon Nash and loses puck.
19:24 of 3rd period - Penalty to Tyler Haskins is over, Tyler Haskins is back on ice.
19:51 of 3rd period - Snap shot by Daniel Paille.
19:51 of 3rd period - Deflect By Troy Brouwer.
19:51 of 3rd period - Shot Misses the Net.
19:51 of 3rd period - Puck is out of play.
19:52 of 3rd period - Darryl Sutter call a timeout for Ice Dragons.
19:52 of 3rd period - Michael Latta wins face-off versus Max Reinhart in Ice Dragons zone.
Goals for this period are 2 for Ice Dragons vs 3 for Remparts.
Shots for this period are 11 for Ice Dragons vs 16 for Remparts.